 Dungeon Crawl Stone Soup version 0.27.0-1-g7a089689b8 (webtiles) character file.

Game seed: 1782092335465008632

67 stebl the Insei (level 4, 0/33 HPs)
             Began as a Djinni Transmuter on Aug 8, 2021.
             Was an Initiate of Makhleb.
             Slain by a phantom (5 damage)
             ... on level 4 of the Dungeon.
             The game lasted 00:09:35 (2255 turns).

stebl the Insei (Djinni Transmuter)                 Turns: 2255, Time: 00:09:35

Health: 0/33       AC:  8    Str:  9    XL:     4   Next: 38%
Gold:   157        EV: 11    Int: 16    God:    Makhleb [......] SH:  0 Dex: 13

rFire    + + .     SeeInvis .     - Unarmed
rCold    x . .     Faith    .   (no shield)
rNeg     . . .     Spirit   .   b - +0 leather armour
rPois    ∞         Reflect  .   (no helmet)
rElec    .         Harm     .   n - +0 cloak
rCorr    .         Rampage  .   (no gloves)
Will     .....                  (boots unavailable)
Stlth    +.........             (no amulet)
HPRegen  0.11/turn              d - +4 ring of protection
MPRegen  0.00/turn              (no ring)

@: flying
A: sickness immunity, fire resistance 2, cold vulnerability 1, float, innate
caster, hp casting, extra vitality 1
a: Renounce Religion


You were on level 4 of the Dungeon.
You worshipped Makhleb.
Makhleb was noncommittal.
You visited 2 branches of the dungeon, and saw 5 of its levels.

You collected 157 gold pieces.

Inventory:

Missiles
 c - 99 stones
Armour
 a - a +0 robe
 b - a +0 leather armour (worn)
 n - a +0 cloak (worn)
Jewellery
 d - a +4 ring of protection (left hand)
Scrolls
 e - a scroll of identify
 f - 2 scrolls of blinking
 g - 2 scrolls of teleportation {unknown}
 i - a scroll of amnesia {unknown}
 j - a scroll of magic mapping {unknown}
 l - 2 scrolls of fear {unknown}
Potions
 h - a potion of lignification {unknown}
 k - 2 potions of curing {unknown}
 m - a potion of heal wounds {unknown}


   Skills:
 + Level 2.2 Fighting
 - Level 2.1 Dodging
 * Level 4.4 Unarmed Combat
 - Level 1.5 Spellcasting


You couldn't memorise any spells.
You knew the following spells:

 Your Spells              Type           Power      Damage    Failure   Level
a - Beastly Appendage     Tmut           12%        N/A       16%         1
b - Wereblood             Tmut           6%         N/A       24%         2
c - Spider Form           Tmut/Pois      3%         N/A       43%         3
d - Ice Form              Ice/Tmut       6%         N/A       85%         4
e - Sting                 Tmut/Pois      24%        1d4       16%         1
Your spell library was empty.

Dungeon Overview and Level Annotations

Branches:
Dungeon (4/15)             Temple (1/1) D:4

Altars:
Cheibriados
Dithmenos
Elyvilon
Fedhas
Gozag
Kikubaaqudgha
Makhleb
Trog
Zin

Shops:
D:1 :   D:2 *

Annotations:
D:2 Sigmund


Innate Abilities, Weirdness & Mutations

You are immune to sickness and miasma.
You are immune to poison.
Your flesh is very heat resistant. (rF++)
You are vulnerable to cold. (rC-)
You float through the air rather than walking.
You learn spells naturally, not from books.
Your magical power is your life essence.
You have superior vitality. (+4 HP)


Message History

The phantom hits you but does no damage.
You closely miss the orc.
The orc is lightly wounded.
You hit the orc.
The orc is heavily wounded.
The orc hits you with a +0 dagger. The phantom hits you!
* * * LOW HITPOINT WARNING * * *
The phantom blinks!
You blink.
Found a scroll labelled CUOBBI GOINNUI.
You closely miss the phantom.
The phantom is lightly damaged.
The phantom hits you but does no damage.
You barely miss the phantom.
The phantom is lightly damaged.
The phantom closely misses you.
You barely miss the orc. You headbutt the orc.
You kill the orc!
Makhleb accepts your kill. The phantom hits you.
* * * LOW HITPOINT WARNING * * *
You closely miss the phantom.
The phantom is lightly damaged.
The phantom hits you but does no damage.
You hit the phantom but do no damage.
The phantom is lightly damaged.
The phantom hits you but does no damage.
You barely miss the phantom.
The phantom is lightly damaged.
The phantom closely misses you.
You completely miss the phantom.
The phantom is lightly damaged.
Your horns disappear.
The phantom completely misses you.
Found a robe.
You see here a scroll labelled CUOBBI GOINNUI.
As you read the scroll labelled LUSOKHOZ GYSCHOWK, it crumbles to dust.
It is a scroll of identify.
f - 2 scrolls of blinking The phantom hits you.
You die...

.......)..........
...............#
.......##.....##
.[....§.##.....##
......$.#.......#
.......##.......###
..................#
.....#.........?..##
##..##.........W@..#
#..........#...........
........#......##...
...##...[.....# .. ..
...........
.......###... ......
#..# ...... ###


You could see a phantom.

Vanquished Creatures
  An adder (D:2)
  A worm (D:2)
  2 orcs
  6 ball pythons
  6 bats
  4 endoplasms
  3 giant cockroaches (D:1)
  A hobgoblin (D:1)
  4 jackals (D:1)
  3 quokkas
  5 frilled lizards
  3 goblins
  8 kobolds
  A rat (D:1)
48 creatures vanquished.

Notes
Turn   | Place    | Note
-------+----------+-------------------------------------------
     0 | D:1      | stebl the Djinni Transmuter began the quest for the Orb.
     0 | D:1      | Reached XP level 1. HP: 17/17 MP: 0/0
   147 | D:1      | Reached XP level 2. HP: 22/22 MP: 0/0
   337 | D:1      | Found Opushonn's Book Emporium.
   415 | D:1      | Reached XP level 3. HP: 19/27 MP: 0/0
   415 | D:1      | Learned a level 1 spell: Sting
   727 | D:2      | Noticed Sigmund
   833 | D:2      | Reached skill level 4 in Unarmed Combat
  1037 | D:2      | Reached XP level 4. HP: 30/33 MP: 0/0
  1165 | D:2      | Found a faded altar of an unknown god.
  1167 | D:2      | Found Igidun's Assorted Antiques.
  2082 | D:3      | Noticed a scorpion
  2152 | D:4      | Found a staircase to the Ecumenical Temple.
  2152 | D:4      | Noticed a phantom
  2163 | Temple   | Entered the Ecumenical Temple
  2178 | Temple   | Became a worshipper of Makhleb the Destroyer
  2255 | D:4      | Slain by a phantom

Illustrated notes

Levels and vault maps discovered:
D:1:      sevenhm_arrival_forest_fort_large_4, layout_basic, serial_shops,
          nicolae_shop_behind_doors
D:2:      layout_basic, serial_shops, shop_coins, basic_ecumenical_altar,
          bh_walls_and_bars, uniq_sigmund
D:3:      minmay_chambers_of_threes, layout_basic, serial_shops,
          nicolae_diamond_shop, minmay_between
D:4:      layout_cave_pools, temple_statues, corexii_item_surrounded_by_moat
Temple:   eino_narrow_crystal_temple

Skill      XL: |  1  2  3 |
---------------+----------+-----
Unarmed Combat | 4 |  4.4
Fighting       | 2 |  2.2
Dodging        | |  2.1
Spellcasting   | |  1.5

Action                   |  1- 3 |  4- 6 || total
-------------------------+-------+-------++-------
Melee: Unarmed           |   105 |    44 ||   149
       Punch             |     3 |       ||     3
       Headbutt          |     9 |     5 ||    14
 Cast: Beastly Appendage |    14 |    12 ||    26
       Wereblood         |     2 |     1 ||     3
       Sting             |       |     2 ||     2
  Use: Scroll            |       |     1 ||     1
Armor: Leather armour    |    55 |    22 ||    77
Dodge: Dodged            |    68 |    27 ||    95
